[ AOE2 MATCH · #463584241 ]
Team RMMalians vs Persians
[ REPLAY ANALYSIS · EXTRACTED FROM THE RECORDED GAME ]
Feudal
12:58
Castle
17:31
Imperial
—
| APM avg | 12.7 |
| APM peak | 41 |
| eAPM avg | 7.3 |
| Villagers / military | 84 / 50 |
Focus
⚔️ 27.6% · 🌾 72.4%
Gbeto ×49 · Monk ×1
Feudal
—
Castle
—
Imperial
—
| APM avg | 0.6 |
| APM peak | 24 |
| eAPM avg | 0.4 |
| Villagers / military | 5 / 0 |
Focus
⚔️ 9.1% · 🌾 90.9%
Feudal
15:27
Castle
21:12
Imperial
37:43
| APM avg | 14.9 |
| APM peak | 34 |
| eAPM avg | 9.7 |
| Villagers / military | 118 / 77 |
Focus
⚔️ 21.8% · 🌾 78.2%
Longbowman ×66 · Trebuchet (Packed) ×8 · Monk ×3
Feudal
17:08
Castle
—
Imperial
—
| APM avg | 3.0 |
| APM peak | 27 |
| eAPM avg | 1.8 |
| Villagers / military | 32 / 0 |
Focus
⚔️ 8.8% · 🌾 91.2%
Feudal
13:43
Castle
18:36
Imperial
43:41
| APM avg | 23.5 |
| APM peak | 68 |
| eAPM avg | 12.0 |
| Villagers / military | 116 / 129 |
Focus
⚔️ 19.3% · 🌾 80.7%
Knight ×114 · Battering Ram ×12 · Trebuchet (Packed) ×3
Feudal
15:20
Castle
28:24
Imperial
40:05
| APM avg | 12.4 |
| APM peak | 31 |
| eAPM avg | 8.8 |
| Villagers / military | 80 / 101 |
Focus
⚔️ 42.4% · 🌾 57.6%
Militia ×71 · Archer ×14 · Scorpion ×5 · Scout Cavalry ×5 · Battering Ram ×4 · Monk ×1
Feudal
13:23
Castle
17:22
Imperial
—
| APM avg | 3.1 |
| APM peak | 19 |
| eAPM avg | 2.2 |
| Villagers / military | 32 / 0 |
Focus
⚔️ 1.1% · 🌾 98.9%
Feudal
11:16
Castle
17:26
Imperial
—
| APM avg | 5.9 |
| APM peak | 39 |
| eAPM avg | 3.8 |
| Villagers / military | 40 / 0 |
Focus
⚔️ 4.5% · 🌾 95.5%
Match map
Initial resources + every placement click. Lines = walls · curves = elevation contours. ◆ gold · ⬟ stone · ● berries · ✦ relic · ◌ wall gap
Inputs per minute
— Fish and Ships - - Paolosip3532
Build order — Fish and Ships
First 150 of 159 actions detected
| 0:06 | Build | House |
| 0:07 | Create | Villager (Male) |
| 0:07 | Create | Villager (Male) |
| 0:08 | Create | Villager (Male) |
| 0:10 | Build | House |
| 1:09 | Create | Villager (Male) |
| 1:09 | Create | Villager (Male) |
| 2:12 | Build | Lumber Camp |
| 2:16 | Create | Villager (Male) |
| 2:16 | Create | Villager (Male) |
| 2:16 | Create | Villager (Male) |
| 2:45 | Create | Villager (Male) |
| 3:52 | Create | Villager (Male) |
| 3:53 | Create | Villager (Male) |
| 3:53 | Create | Villager (Male) |
| 5:02 | Create | Villager (Male) |
| 5:02 | Create | Villager (Male) |
| 5:03 | Create | Villager (Male) |
| 5:46 | Build | House |
| 5:47 | Build | House |
| 6:18 | Build | Mill |
| 7:03 | Create | Villager (Male) |
| 7:03 | Create | Villager (Male) |
| 7:04 | Create | Villager (Male) |
| 7:04 | Create | Villager (Male) |
| 7:46 | Build | Mill |
| 8:17 | Create | Villager (Male) |
| 8:19 | Create | Villager (Male) |
| 8:56 | Create | Villager (Male) |
| 8:57 | Create | Villager (Male) |
| 8:57 | Create | Villager (Male) |
| 8:57 | Create | Villager (Male) |
| 10:07 | Create | Villager (Male) |
| 10:08 | Create | Villager (Male) |
| 10:40 | Research | Feudal Age |
| 10:49 | Build | Mining Camp |
| 11:11 | Build | House |
| 12:30 | Build | Mill |
| 12:37 | Create | Villager (Male) |
| 12:37 | Create | Villager (Male) |
| 12:58 | Age | Feudal Age |
| 13:16 | Build | Market |
| 13:24 | Build | Blacksmith |
| 14:51 | Research | Castle Age |
| 14:51 | Research | Castle Age |
| 15:36 | Create | Villager (Male) ×3 |
| 16:24 | Create | Villager (Male) |
| 17:31 | Age | Castle Age |
| 17:41 | Build | Town Center |
| 17:54 | Build | Town Center |
| 18:15 | Build | Monastery |
| 18:23 | Build | University |
| 19:19 | Create | Monk |
| 19:27 | Build | Farm |
| 19:29 | Build | Farm |
| 19:31 | Build | Farm |
| 19:32 | Build | Farm |
| 19:35 | Build | Farm |
| 19:36 | Build | Farm |
| 19:38 | Build | Farm |
| 19:40 | Build | Farm |
| 20:02 | Build | Farm |
| 20:04 | Build | Farm |
| 20:06 | Build | Farm |
| 20:08 | Build | Farm |
| 20:18 | Build | Farm |
| 20:20 | Build | Farm |
| 20:27 | Create | Villager (Male) ×5 |
| 20:28 | Create | Villager (Male) ×5 |
| 20:29 | Create | Villager (Male) ×4 |
| 22:34 | Build | Mining Camp |
| 23:11 | Build | Farm |
| 23:12 | Build | Farm |
| 23:15 | Build | Farm |
| 23:16 | Build | Farm |
| 23:18 | Build | Farm |
| 23:19 | Build | Farm |
| 23:35 | Create | Villager (Male) ×5 |
| 23:36 | Create | Villager (Male) ×5 |
| 23:36 | Create | Villager (Male) ×5 |
| 23:36 | Create | Villager (Male) ×5 |
| 23:54 | Build | House |
| 23:55 | Build | House |
| 23:57 | Build | House |
| 23:58 | Build | House |
| 24:00 | Build | House |
| 25:16 | Research | Town Watch |
| 25:35 | Build | Mining Camp |
| 25:58 | Build | House |
| 26:00 | Build | House |
| 26:01 | Build | House |
| 26:03 | Build | House |
| 26:15 | Research | Wheelbarrow |
| 26:34 | Build | House |
| 27:12 | Research | Town Patrol |
| 27:24 | Research | Fletching |
| 28:09 | Build | House |
| 28:27 | Create | Villager (Male) ×2 |
| 28:45 | Build | House |
| 28:47 | Build | House |
| 29:33 | Build | Castle |
| 29:49 | Build | House |
| 29:51 | Build | House |
| 29:52 | Build | House |
| 29:54 | Build | House |
| 31:50 | Build | Stone Wall |
| 32:12 | Create | Villager (Male) ×5 |
| 32:13 | Create | Villager (Male) ×5 |
| 32:13 | Create | Villager (Male) ×5 |
| 32:25 | Build | Mining Camp |
| 33:52 | Research | Hand Cart |
| 34:03 | Build | Stone Wall |
| 34:48 | Build | Castle |
| 36:55 | Build | Mining Camp |
| 37:02 | Build | Mining Camp |
| 38:24 | Research | Bodkin Arrow |
| 38:36 | Create | Gbeto ×5 |
| 38:36 | Create | Gbeto ×5 |
| 38:36 | Create | Gbeto ×3 |
| 38:36 | Create | Gbeto ×3 |
| 38:57 | Create | Gbeto |
| 38:57 | Create | Gbeto |
| 38:57 | Create | Gbeto |
| 39:21 | Build | Castle |
| 39:39 | Research | Stone Mining |
| 41:11 | Research | Fortified Wall (upgrade) |
| 42:19 | Build | Stone Wall |
| 42:53 | Create | Gbeto ×5 |
| 42:54 | Create | Gbeto ×5 |
| 42:54 | Create | Gbeto ×5 |
| 42:54 | Create | Gbeto ×2 |
| 44:46 | Build | Castle |
| 45:07 | Build | Castle |
| 45:21 | Research | Stone Shaft Mining |
| 46:12 | Build | Town Center |
| 46:40 | Build | Stone Wall |
| 47:33 | Build | Stone Wall |
| 47:36 | Build | Stone Wall |
| 47:56 | Create | Gbeto ×5 |
| 47:57 | Create | Gbeto ×5 |
| 47:57 | Create | Gbeto ×3 |
| 48:51 | Build | Stone Wall |
| 49:32 | Build | Castle |
| 50:32 | Build | Stone Wall |
| 51:08 | Build | Stone Wall |
| 51:59 | Build | Stone Wall |
| 52:13 | Build | Stone Wall |
| 53:34 | Build | Stone Wall |
| 54:15 | Build | Market |
| 54:48 | Build | House |
Build order — Paolosip3532
9 actions detected in the replay
| 0:16 | Research | Loom |
| 0:17 | Create | Villager (Male) |
| 0:17 | Create | Villager (Male) |
| 0:17 | Create | Villager (Male) |
| 0:17 | Create | Villager (Male) |
| 0:18 | Create | Villager (Male) |
| 0:24 | Build | House |
| 0:25 | Build | House |
| 0:51 | Build | Palisade Wall |
Build order — pablo andres
First 150 of 337 actions detected
| 0:09 | Build | House |
| 0:15 | Research | Loom |
| 0:16 | Create | Villager (Male) |
| 0:16 | Create | Villager (Male) |
| 0:16 | Create | Villager (Male) |
| 0:17 | Create | Villager (Male) |
| 0:17 | Create | Villager (Male) |
| 0:43 | Build | House |
| 0:44 | Build | House |
| 0:46 | Build | House |
| 0:47 | Build | House |
| 0:51 | Build | House |
| 0:54 | Build | House |
| 0:56 | Build | House |
| 2:02 | Create | Villager (Male) |
| 2:02 | Create | Villager (Male) |
| 2:35 | Create | Villager (Male) |
| 2:35 | Create | Villager (Male) |
| 3:05 | Create | Villager (Male) |
| 3:05 | Create | Villager (Male) |
| 3:30 | Create | Villager (Male) |
| 3:30 | Create | Villager (Male) |
| 3:47 | Create | Villager (Male) |
| 3:48 | Create | Villager (Male) |
| 4:21 | Create | Villager (Male) |
| 4:22 | Create | Villager (Male) |
| 4:39 | Build | Palisade Wall |
| 4:44 | Create | Villager (Male) |
| 4:45 | Create | Villager (Male) |
| 5:21 | Create | Villager (Male) |
| 5:22 | Create | Villager (Male) |
| 5:22 | Create | Villager (Male) |
| 5:58 | Build | Building 800 |
| 6:11 | Create | Villager (Male) |
| 6:11 | Create | Villager (Male) |
| 6:11 | Create | Villager (Male) |
| 6:37 | Create | Villager (Male) |
| 7:07 | Create | Villager (Male) |
| 7:27 | Build | Mining Camp |
| 7:45 | Create | Villager (Male) |
| 7:45 | Create | Villager (Male) |
| 7:45 | Create | Villager (Male) |
| 8:13 | Build | Lumber Camp |
| 8:18 | Create | Villager (Male) |
| 8:25 | Build | Mill |
| 9:22 | Create | Villager (Male) |
| 9:23 | Create | Villager (Male) |
| 9:23 | Create | Villager (Male) |
| 9:44 | Create | Villager (Male) |
| 10:09 | Build | Mill |
| 10:42 | Create | Villager (Male) |
| 10:43 | Create | Villager (Male) |
| 11:45 | Create | Villager (Male) |
| 11:45 | Create | Villager (Male) |
| 12:33 | Build | Mining Camp |
| 12:42 | Create | Villager (Male) |
| 13:05 | Research | Feudal Age |
| 15:27 | Age | Feudal Age |
| 15:34 | Create | Villager (Male) |
| 15:34 | Create | Villager (Male) |
| 15:34 | Create | Villager (Male) |
| 15:35 | Create | Villager (Male) |
| 15:36 | Create | Villager (Male) |
| 16:42 | Build | Blacksmith |
| 16:50 | Build | Farm |
| 16:50 | Build | Farm |
| 16:51 | Build | Farm |
| 16:51 | Build | Farm |
| 16:53 | Build | Farm |
| 16:54 | Build | Farm |
| 17:17 | Build | Market |
| 17:23 | Build | Market |
| 17:42 | Create | Villager (Male) |
| 17:42 | Create | Villager (Male) |
| 17:56 | Build | Mill |
| 18:21 | Research | Castle Age |
| 18:32 | Build | House |
| 18:32 | Build | House |
| 18:34 | Build | House |
| 18:35 | Build | House |
| 18:38 | Build | House |
| 18:38 | Build | House |
| 19:10 | Research | Stone Mining |
| 19:49 | Research | Double-Bit Axe |
| 19:51 | Research | Horse Collar |
| 20:12 | Build | House |
| 20:13 | Build | House |
| 20:14 | Build | House |
| 20:26 | Build | House |
| 20:27 | Build | House |
| 20:28 | Build | House |
| 20:30 | Build | House |
| 20:33 | Build | House |
| 20:34 | Build | House |
| 20:37 | Build | House |
| 20:38 | Build | House |
| 20:40 | Build | House |
| 20:41 | Build | House |
| 21:12 | Research | Gold Mining |
| 21:12 | Age | Castle Age |
| 21:19 | Research | Bow Saw |
| 21:44 | Create | Villager (Male) |
| 21:44 | Create | Villager (Male) |
| 21:44 | Create | Villager (Male) |
| 21:45 | Create | Villager (Male) |
| 21:55 | Create | Villager (Male) |
| 22:16 | Build | Town Center |
| 22:21 | Build | Town Center |
| 22:22 | Build | Town Center |
| 22:34 | Build | Mining Camp |
| 23:03 | Create | Villager (Male) |
| 23:03 | Create | Villager (Male) |
| 23:03 | Create | Villager (Male) |
| 23:04 | Create | Villager (Male) |
| 23:09 | Create | Villager (Male) |
| 23:31 | Create | Villager (Male) |
| 23:37 | Build | Farm |
| 23:45 | Create | Villager (Male) |
| 23:45 | Create | Villager (Male) |
| 23:46 | Create | Villager (Male) |
| 23:58 | Build | Farm |
| 24:06 | Build | Farm |
| 24:07 | Build | Farm |
| 24:07 | Build | Farm |
| 24:08 | Build | Farm |
| 24:09 | Build | Farm |
| 24:10 | Build | Farm |
| 24:23 | Create | Villager (Male) |
| 24:23 | Create | Villager (Male) |
| 24:23 | Create | Villager (Male) |
| 24:23 | Create | Villager (Male) |
| 24:24 | Create | Villager (Male) |
| 24:24 | Create | Villager (Male) |
| 24:30 | Create | Villager (Male) |
| 24:30 | Create | Villager (Male) |
| 24:30 | Create | Villager (Male) |
| 24:40 | Build | Farm |
| 24:56 | Build | Farm |
| 25:04 | Create | Villager (Male) |
| 25:04 | Create | Villager (Male) |
| 25:04 | Create | Villager (Male) |
| 25:04 | Create | Villager (Male) |
| 25:11 | Build | Farm |
| 25:30 | Build | Farm |
| 25:34 | Create | Villager (Male) |
| 25:34 | Create | Villager (Male) |
| 25:55 | Build | Farm |
| 25:59 | Create | Villager (Male) |
| 26:07 | Build | House |
| 26:09 | Build | House |
Build order — Don Quintin
56 actions detected in the replay
| 0:28 | Build | Palisade Wall |
| 0:50 | Research | Loom |
| 0:50 | Create | Villager (Male) |
| 0:51 | Create | Villager (Male) |
| 0:51 | Create | Villager (Male) |
| 0:51 | Create | Villager (Male) |
| 0:52 | Create | Villager (Male) |
| 0:52 | Create | Villager (Male) |
| 2:05 | Build | House |
| 2:08 | Build | House |
| 2:45 | Build | House |
| 3:05 | Build | House |
| 4:34 | Create | Villager (Male) |
| 4:34 | Create | Villager (Male) |
| 4:34 | Create | Villager (Male) |
| 5:48 | Create | Villager (Male) |
| 5:49 | Create | Villager (Male) |
| 5:50 | Create | Villager (Male) |
| 5:50 | Create | Villager (Male) |
| 6:09 | Create | Villager (Male) |
| 6:30 | Create | Villager (Male) |
| 7:36 | Create | Villager (Male) |
| 7:36 | Create | Villager (Male) |
| 7:36 | Create | Villager (Male) |
| 7:37 | Create | Villager (Male) |
| 7:45 | Create | Villager (Male) |
| 8:32 | Create | Villager (Male) |
| 8:32 | Create | Villager (Male) |
| 8:54 | Build | Mill |
| 9:57 | Create | Villager (Male) |
| 9:57 | Create | Villager (Male) |
| 9:58 | Create | Villager (Male) |
| 9:58 | Create | Villager (Male) |
| 11:25 | Build | House |
| 11:56 | Build | Palisade Wall |
| 12:05 | Build | House |
| 12:22 | Create | Villager (Male) |
| 12:22 | Create | Villager (Male) |
| 12:22 | Create | Villager (Male) |
| 12:30 | Build | Mill |
| 12:51 | Build | Lumber Camp |
| 13:17 | Build | Palisade Wall |
| 14:02 | Build | House |
| 14:06 | Build | House |
| 14:15 | Build | House |
| 14:19 | Build | House |
| 14:23 | Build | House |
| 14:58 | Research | Feudal Age |
| 14:59 | Research | Feudal Age |
| 15:21 | Build | Mining Camp |
| 17:08 | Age | Feudal Age |
| 17:12 | Create | Villager (Male) |
| 17:13 | Create | Villager (Male) |
| 17:14 | Create | Villager (Male) |
| 17:30 | Build | Watch Tower |
| 17:53 | Build | Mining Camp |
Build order — 打到你媽媽認不得你
First 150 of 285 actions detected
| 0:06 | Create | Villager (Male) |
| 0:06 | Create | Villager (Male) |
| 0:06 | Create | Villager (Male) |
| 0:06 | Create | Villager (Male) |
| 0:43 | Research | Loom |
| 1:49 | Create | Villager (Male) |
| 1:49 | Create | Villager (Male) |
| 2:21 | Create | Villager (Male) |
| 2:22 | Create | Villager (Male) |
| 3:00 | Create | Villager (Male) |
| 3:00 | Create | Villager (Male) |
| 3:27 | Create | Villager (Male) |
| 3:27 | Create | Villager (Male) |
| 4:26 | Create | Villager (Male) |
| 4:26 | Create | Villager (Male) |
| 4:52 | Build | Palisade Wall |
| 5:03 | Create | Villager (Male) |
| 5:03 | Create | Villager (Male) |
| 5:50 | Create | Villager (Male) |
| 5:56 | Create | Villager (Male) |
| 6:09 | Build | Lumber Camp |
| 6:29 | Create | Villager (Male) |
| 6:56 | Create | Villager (Male) |
| 7:22 | Create | Villager (Male) |
| 7:26 | Build | Mill |
| 8:10 | Create | Villager (Male) |
| 8:12 | Create | Villager (Male) |
| 8:16 | Create | Villager (Male) |
| 8:41 | Build | Mill |
| 9:11 | Build | Lumber Camp |
| 9:27 | Create | Villager (Male) |
| 9:47 | Create | Villager (Male) |
| 9:47 | Create | Villager (Male) |
| 9:57 | Build | Mining Camp |
| 10:00 | Create | Villager (Male) |
| 10:54 | Create | Villager (Male) |
| 11:00 | Create | Villager (Male) |
| 11:30 | Research | Feudal Age |
| 11:44 | Build | Farm |
| 12:10 | Create | Villager (Male) |
| 12:10 | Create | Villager (Male) |
| 12:49 | Build | Farm |
| 13:00 | Build | Farm |
| 13:02 | Build | Farm |
| 13:03 | Build | Farm |
| 13:04 | Build | Farm |
| 13:07 | Build | Farm |
| 13:43 | Age | Feudal Age |
| 14:14 | Build | Blacksmith |
| 14:26 | Build | Market |
| 14:31 | Create | Villager (Male) |
| 14:51 | Research | Double-Bit Axe |
| 15:03 | Build | Farm |
| 15:06 | Build | Farm |
| 15:10 | Create | Villager (Male) |
| 15:15 | Build | Farm |
| 15:28 | Build | Mining Camp |
| 15:36 | Build | Mining Camp |
| 15:42 | Build | Farm |
| 15:56 | Research | Castle Age |
| 15:57 | Research | Castle Age |
| 15:57 | Research | Castle Age |
| 16:04 | Build | Farm |
| 16:08 | Build | Farm |
| 17:02 | Build | Barracks |
| 17:56 | Build | Stable |
| 18:06 | Build | Stable |
| 18:20 | Create | Villager (Male) |
| 18:27 | Create | Villager (Male) |
| 18:28 | Create | Villager (Male) |
| 18:31 | Create | Villager (Male) |
| 18:36 | Age | Castle Age |
| 20:05 | Build | Stable |
| 20:20 | Research | Husbandry |
| 20:25 | Research | Forging |
| 20:25 | Research | Scale Barding Armor |
| 20:31 | Create | Villager (Male) |
| 20:31 | Create | Villager (Male) |
| 20:33 | Create | Villager (Male) |
| 20:37 | Create | Villager (Male) |
| 20:51 | Build | Town Center |
| 21:11 | Build | Stable |
| 22:02 | Build | Stable |
| 22:07 | Create | Knight |
| 22:07 | Create | Knight |
| 22:07 | Create | Knight |
| 22:08 | Create | Knight |
| 22:08 | Create | Knight |
| 22:09 | Create | Knight |
| 22:10 | Create | Knight |
| 22:10 | Create | Knight |
| 22:10 | Create | Knight |
| 22:27 | Create | Villager (Male) |
| 22:27 | Create | Villager (Male) |
| 22:32 | Research | Gold Mining |
| 22:35 | Create | Villager (Male) |
| 22:48 | Build | Stable |
| 23:00 | Create | Villager (Male) |
| 23:00 | Create | Villager (Male) |
| 23:01 | Create | Villager (Male) |
| 23:01 | Create | Villager (Male) |
| 23:01 | Create | Villager (Male) |
| 23:20 | Build | Farm |
| 23:22 | Create | Villager (Male) |
| 23:22 | Create | Villager (Male) |
| 23:41 | Build | Mining Camp |
| 23:47 | Build | Farm |
| 23:49 | Create | Villager (Male) |
| 23:54 | Create | Villager (Male) |
| 24:11 | Build | Farm |
| 24:13 | Create | Villager (Male) |
| 24:15 | Create | Villager (Male) |
| 26:11 | Create | Villager (Male) |
| 26:11 | Create | Villager (Male) |
| 26:11 | Create | Villager (Male) |
| 26:11 | Create | Villager (Male) |
| 26:15 | Build | Farm |
| 26:16 | Build | Farm |
| 26:17 | Build | Farm |
| 26:19 | Create | Villager (Male) |
| 26:20 | Create | Villager (Male) |
| 26:21 | Create | Villager (Male) |
| 26:25 | Create | Knight ×5 |
| 26:25 | Create | Knight ×5 |
| 26:35 | Create | Villager (Male) |
| 26:35 | Create | Villager (Male) |
| 26:36 | Create | Villager (Male) |
| 26:40 | Build | Farm |
| 27:07 | Build | Farm |
| 27:12 | Build | Farm |
| 27:31 | Build | Farm |
| 27:36 | Build | Farm |
| 27:39 | Create | Villager (Male) |
| 27:39 | Create | Villager (Male) |
| 27:42 | Create | Villager (Male) |
| 27:56 | Build | Farm |
| 28:04 | Create | Villager (Male) |
| 28:09 | Build | Farm |
| 28:20 | Build | Farm |
| 28:23 | Create | Villager (Male) |
| 28:38 | Build | Farm |
| 28:41 | Create | Villager (Male) |
| 28:45 | Research | Iron Casting |
| 28:45 | Research | Chain Barding Armor |
| 28:50 | Build | Farm |
| 28:53 | Create | Villager (Male) |
| 29:06 | Build | Farm |
| 29:15 | Build | Farm |
| 29:32 | Build | Farm |
| 29:34 | Create | Villager (Male) |
Build order — 32066588
First 150 of 297 actions detected
| 0:10 | Create | Villager (Male) |
| 0:14 | Research | Loom |
| 0:14 | Create | Villager (Male) |
| 0:15 | Create | Villager (Male) |
| 0:15 | Create | Villager (Male) |
| 0:15 | Create | Villager (Male) |
| 0:16 | Create | Villager (Male) |
| 1:09 | Build | House |
| 1:11 | Build | House |
| 1:12 | Build | House |
| 2:08 | Build | House |
| 2:41 | Build | Lumber Camp |
| 3:28 | Create | Villager (Male) |
| 4:21 | Create | Villager (Male) |
| 4:21 | Create | Villager (Male) |
| 4:21 | Create | Villager (Male) |
| 4:51 | Create | Villager (Male) |
| 4:52 | Create | Villager (Male) |
| 5:49 | Create | Villager (Male) |
| 5:49 | Create | Villager (Male) |
| 5:53 | Create | Villager (Male) |
| 5:53 | Create | Villager (Male) |
| 6:35 | Create | Villager (Male) |
| 6:36 | Create | Villager (Male) |
| 6:36 | Create | Villager (Male) |
| 6:52 | Create | Villager (Male) |
| 6:53 | Create | Villager (Male) |
| 7:49 | Build | Mining Camp |
| 8:01 | Create | Villager (Male) |
| 8:01 | Create | Villager (Male) |
| 8:01 | Create | Villager (Male) |
| 8:59 | Create | Villager (Male) |
| 8:59 | Create | Villager (Male) |
| 9:00 | Create | Villager (Male) |
| 9:06 | Create | Villager (Male) |
| 9:27 | Create | Villager (Male) |
| 9:29 | Create | Villager (Male) |
| 9:29 | Create | Villager (Male) |
| 10:50 | Build | Mill |
| 12:20 | Build | Barracks |
| 13:10 | Research | Feudal Age |
| 13:37 | Create | Militia |
| 13:37 | Create | Militia |
| 13:37 | Create | Militia |
| 13:38 | Create | Militia |
| 13:56 | Build | House |
| 13:58 | Build | House |
| 13:59 | Build | House |
| 14:27 | Create | Villager (Male) |
| 14:27 | Create | Villager (Male) |
| 14:27 | Create | Villager (Male) |
| 14:28 | Create | Villager (Male) |
| 14:28 | Create | Villager (Male) |
| 15:20 | Age | Feudal Age |
| 15:32 | Build | Mining Camp |
| 15:35 | Research | Man-at-Arms (upgrade) |
| 15:41 | Create | Militia |
| 15:42 | Create | Militia |
| 16:14 | Build | Lumber Camp |
| 16:36 | Build | Farm |
| 16:36 | Build | Farm |
| 16:38 | Build | Farm |
| 16:39 | Build | Farm |
| 16:40 | Build | Farm |
| 17:09 | Create | Villager (Male) |
| 17:09 | Create | Villager (Male) |
| 17:09 | Create | Villager (Male) |
| 17:10 | Create | Villager (Male) |
| 17:10 | Create | Villager (Male) |
| 17:10 | Create | Villager (Male) |
| 17:10 | Create | Villager (Male) |
| 17:11 | Create | Villager (Male) |
| 17:22 | Build | Farm |
| 17:25 | Build | Farm |
| 17:36 | Build | Farm |
| 17:36 | Build | Farm |
| 17:37 | Build | Farm |
| 18:33 | Create | Villager (Male) |
| 18:33 | Create | Villager (Male) |
| 19:10 | Create | Militia |
| 19:10 | Create | Militia |
| 19:10 | Create | Militia |
| 19:42 | Build | House |
| 19:43 | Build | House |
| 19:45 | Build | House |
| 20:16 | Build | Blacksmith |
| 20:40 | Build | Farm |
| 20:41 | Build | Farm |
| 20:41 | Build | Farm |
| 20:42 | Build | Farm |
| 20:42 | Build | Farm |
| 20:43 | Build | Farm |
| 20:43 | Build | Farm |
| 20:44 | Build | Farm |
| 21:15 | Research | Forging |
| 21:16 | Research | Scale Mail Armor |
| 21:19 | Create | Militia |
| 21:20 | Create | Militia |
| 21:20 | Create | Militia |
| 21:21 | Create | Militia |
| 22:12 | Create | Villager (Male) |
| 22:13 | Create | Villager (Male) |
| 22:13 | Create | Villager (Male) |
| 22:13 | Create | Villager (Male) |
| 22:13 | Create | Villager (Male) |
| 23:42 | Build | Archery Range |
| 23:48 | Build | Stable |
| 23:55 | Research | Double-Bit Axe |
| 24:53 | Build | Farm |
| 25:44 | Research | Castle Age |
| 27:14 | Create | Archer |
| 27:15 | Create | Archer |
| 27:15 | Create | Archer |
| 27:15 | Create | Archer |
| 27:16 | Create | Archer |
| 27:16 | Create | Archer |
| 27:16 | Create | Archer |
| 27:16 | Create | Archer |
| 27:17 | Create | Archer |
| 27:17 | Create | Archer |
| 27:17 | Create | Archer |
| 28:21 | Create | Scout Cavalry |
| 28:22 | Create | Scout Cavalry |
| 28:22 | Create | Scout Cavalry |
| 28:22 | Create | Scout Cavalry |
| 28:24 | Create | Scout Cavalry |
| 28:24 | Age | Castle Age |
| 28:33 | Research | Iron Casting |
| 28:34 | Research | Chain Mail Armor |
| 28:35 | Research | Fletching |
| 28:56 | Build | House |
| 29:04 | Build | House |
| 29:05 | Build | House |
| 29:07 | Build | House |
| 29:08 | Build | House |
| 29:10 | Build | House |
| 29:43 | Research | Long Swordsman (upgrade) |
| 29:44 | Research | Squires |
| 29:56 | Create | Villager (Male) |
| 29:56 | Create | Villager (Male) |
| 29:56 | Create | Villager (Male) |
| 29:57 | Create | Villager (Male) |
| 29:57 | Create | Villager (Male) |
| 29:58 | Create | Villager (Male) |
| 30:03 | Build | Farm |
| 30:04 | Build | Farm |
| 30:04 | Build | Farm |
| 30:04 | Build | Farm |
| 30:05 | Build | Farm |
| 30:05 | Build | Farm |
Build order — mgaitaniella
53 actions detected in the replay
| 0:02 | Create | Villager (Male) |
| 0:02 | Create | Villager (Male) |
| 0:04 | Research | Loom |
| 0:05 | Create | Villager (Male) |
| 0:40 | Create | Villager (Male) |
| 0:41 | Create | Villager (Male) |
| 1:46 | Build | Palisade Wall |
| 1:51 | Create | Villager (Male) |
| 2:32 | Create | Villager (Male) |
| 3:39 | Create | Villager (Male) |
| 3:39 | Create | Villager (Male) |
| 3:39 | Create | Villager (Male) |
| 4:37 | Create | Villager (Male) |
| 4:37 | Create | Villager (Male) |
| 4:37 | Create | Villager (Male) |
| 5:44 | Build | Lumber Camp |
| 5:47 | Create | Villager (Male) |
| 5:48 | Create | Villager (Male) |
| 5:48 | Create | Villager (Male) |
| 6:05 | Create | Villager (Male) |
| 6:38 | Create | Villager (Male) |
| 6:38 | Create | Villager (Male) |
| 7:18 | Create | Villager (Male) |
| 7:18 | Create | Villager (Male) |
| 8:02 | Create | Villager (Male) |
| 8:02 | Create | Villager (Male) |
| 8:03 | Create | Villager (Male) |
| 8:03 | Create | Villager (Male) |
| 8:04 | Create | Villager (Male) |
| 8:44 | Build | Mill |
| 9:31 | Create | Villager (Male) |
| 9:32 | Create | Villager (Male) |
| 9:43 | Build | Mill |
| 10:06 | Build | Mining Camp |
| 10:58 | Build | Mill |
| 11:13 | Research | Feudal Age |
| 13:23 | Age | Feudal Age |
| 13:29 | Build | Market |
| 13:38 | Build | Blacksmith |
| 13:45 | Create | Villager (Male) |
| 14:42 | Research | Castle Age |
| 14:49 | Build | Farm |
| 15:22 | Build | Mining Camp |
| 15:31 | Build | Farm |
| 15:32 | Build | Farm |
| 15:34 | Build | Farm |
| 15:49 | Research | Double-Bit Axe |
| 16:17 | Create | Villager (Male) |
| 16:34 | Build | Farm |
| 16:40 | Create | Villager (Male) |
| 17:22 | Age | Castle Age |
| 17:29 | Create | Villager (Male) |
| 17:41 | Build | Town Center |
Build order — 我的大姑妈
79 actions detected in the replay
| 0:02 | Create | Villager (Male) |
| 0:02 | Create | Villager (Male) |
| 0:04 | Build | House |
| 0:05 | Build | House |
| 0:44 | Create | Villager (Male) |
| 0:44 | Create | Villager (Male) |
| 0:44 | Create | Villager (Male) |
| 0:44 | Create | Villager (Male) |
| 0:45 | Create | Villager (Male) |
| 1:55 | Create | Villager (Male) |
| 1:56 | Create | Villager (Male) |
| 2:21 | Create | Villager (Male) |
| 2:36 | Create | Villager (Male) |
| 2:37 | Create | Villager (Male) |
| 2:39 | Build | Lumber Camp |
| 3:02 | Build | Palisade Wall |
| 3:06 | Create | Villager (Male) |
| 3:28 | Build | House |
| 3:37 | Create | Villager (Male) |
| 3:37 | Create | Villager (Male) |
| 3:55 | Create | Villager (Male) |
| 4:23 | Build | Mill |
| 4:33 | Create | Villager (Male) |
| 4:34 | Create | Villager (Male) |
| 4:40 | Build | House |
| 5:10 | Create | Villager (Male) |
| 5:10 | Create | Villager (Male) |
| 5:11 | Create | Villager (Male) |
| 5:42 | Create | Villager (Male) |
| 5:42 | Create | Villager (Male) |
| 6:23 | Build | Mining Camp |
| 6:43 | Create | Villager (Male) |
| 6:44 | Create | Villager (Male) |
| 7:10 | Create | Villager (Male) |
| 7:30 | Create | Villager (Male) |
| 7:39 | Build | Mill |
| 7:43 | Create | Villager (Male) |
| 8:27 | Create | Villager (Male) |
| 8:43 | Create | Villager (Male) |
| 9:12 | Research | Feudal Age |
| 9:13 | Research | Feudal Age |
| 10:45 | Build | House |
| 10:47 | Build | House |
| 11:16 | Age | Feudal Age |
| 11:37 | Build | Market |
| 11:40 | Build | Blacksmith |
| 11:47 | Create | Villager (Male) |
| 12:05 | Research | Horse Collar |
| 12:12 | Create | Villager (Male) |
| 12:33 | Research | Double-Bit Axe |
| 12:33 | Research | Double-Bit Axe |
| 12:49 | Build | Mining Camp |
| 13:04 | Create | Villager (Male) |
| 13:05 | Create | Villager (Male) |
| 13:36 | Build | Farm |
| 13:50 | Build | Farm |
| 13:59 | Build | Farm |
| 14:08 | Build | Farm |
| 14:18 | Build | Farm |
| 14:22 | Build | Farm |
| 14:31 | Create | Villager (Male) |
| 15:01 | Research | Castle Age |
| 15:11 | Build | Farm |
| 15:18 | Build | Farm |
| 15:22 | Build | Farm |
| 15:32 | Create | Villager (Male) |
| 15:47 | Build | Farm |
| 16:24 | Build | Lumber Camp |
| 17:26 | Age | Castle Age |
| 17:33 | Research | Bow Saw |
| 17:34 | Research | Heavy Plow |
| 17:39 | Create | Villager (Male) |
| 17:47 | Create | Villager (Male) |
| 17:47 | Create | Villager (Male) |
| 17:47 | Create | Villager (Male) |
| 17:56 | Build | Farm |
| 17:56 | Build | Farm |
| 18:19 | Build | Farm |
| 18:36 | Build | Farm |
Match timeline
| 0:28 | Don Quintin · wall_segment Palisade Wall x18 |
| 0:51 | Paolosip3532 · wall_segment Palisade Wall x13 |
| 1:46 | mgaitaniella · wall_segment Palisade Wall x16 |
| 2:43 | Paolosip3532 · resign |
| 3:02 | 我的大姑妈 · wall_segment Palisade Wall x12 |
| 4:39 | pablo andres · wall_segment Palisade Wall x8 |
| 4:52 | 打到你媽媽認不得你 · wall_segment Palisade Wall x1 |
| 11:16 | 我的大姑妈 · age_up feudal |
| 11:56 | Don Quintin · wall_segment Palisade Wall x2 |
| 12:20 | 32066588 · first_building Barracks |
| 12:58 | Fish and Ships · age_up feudal |
| 13:17 | Don Quintin · wall_segment Palisade Wall x12 |
| 13:23 | mgaitaniella · age_up feudal |
| 13:43 | 打到你媽媽認不得你 · age_up feudal |
| 15:20 | 32066588 · age_up feudal |
| 15:27 | pablo andres · age_up feudal |
| 17:02 | 打到你媽媽認不得你 · first_building Barracks |
| 17:08 | Don Quintin · age_up feudal |
| 17:22 | mgaitaniella · age_up castle |
| 17:26 | 我的大姑妈 · age_up castle |
| 17:31 | Fish and Ships · age_up castle |
| 17:33 | mgaitaniella · first_market_buy 100 wood |
| 17:56 | 打到你媽媽認不得你 · first_building Stable |
| 18:15 | Fish and Ships · first_building Monastery |
| 18:36 | 打到你媽媽認不得你 · age_up castle |
| 21:12 | pablo andres · age_up castle |
| 23:42 | 32066588 · first_building Archery Range |
| 23:48 | 32066588 · first_building Stable |
| 28:14 | pablo andres · first_building Monastery |
| 28:24 | 32066588 · age_up castle |
| 29:33 | Fish and Ships · first_building Castle |
| 29:38 | pablo andres · first_building Castle |
| 31:50 | Fish and Ships · wall_segment Stone Wall x18 |
| 34:03 | Fish and Ships · wall_segment Stone Wall x9 |
| 34:10 | 32066588 · first_building Monastery |
| 34:25 | pablo andres · first_market_sell 100 wood |
| 34:35 | Fish and Ships · first_market_buy 100 stone |
| 36:31 | 打到你媽媽認不得你 · first_building Castle |
| 37:43 | pablo andres · age_up imperial |
| 40:05 | 32066588 · age_up imperial |
| 41:05 | 32066588 · first_building Castle |
| 41:48 | 打到你媽媽認不得你 · first_building Siege Workshop |
| 42:19 | Fish and Ships · wall_segment Stone Wall x14 |
| 42:31 | 32066588 · first_building Siege Workshop |
| 43:41 | 打到你媽媽認不得你 · age_up imperial |
| 46:40 | Fish and Ships · wall_segment Stone Wall x18 |
| 47:33 | Fish and Ships · wall_segment Stone Wall x6 |
| 47:36 | Fish and Ships · wall_segment Stone Wall x11 |
| 48:51 | Fish and Ships · wall_segment Stone Wall x15 |
| 50:32 | Fish and Ships · wall_segment Stone Wall x1 |
| 51:08 | Fish and Ships · wall_segment Stone Wall x8 |
| 51:59 | Fish and Ships · wall_segment Stone Wall x1 |
| 52:13 | Fish and Ships · wall_segment Stone Wall x9 |
| 53:34 | Fish and Ships · wall_segment Stone Wall x9 |
| 56:00 | Fish and Ships · first_building Barracks |
| 56:19 | Fish and Ships · wall_segment Stone Wall x1 |
[ AI ANALYSIS · 1 CREDIT ]
What really happened in this match?
Wolo.gg analyzes every decision: build order, eco, micro, common mistakes by bracket. Personalized analysis on WhatsApp or Discord in 30 seconds.
Civ guide
Malians
Map guide
Black Forest
Perfil
Jugador #9864886